 Dungeon Crawl Stone Soup version 0.31-a0-188-g5e087ee2ca (webtiles) character file.

Game seed: 2616529396512302909

77 qw the Shooter (level 4, 0/25 HPs)
             Began as a Deep Elf Hunter on June 23, 2023.
             Slain by a goblin
             ... wielding a +0 dagger
             ... led by Robin
              (5 damage)
             ... on level 2 of the Dungeon.
             The game lasted 00:00:23 (947 turns).

qw the Shooter (Deep Elf Hunter)                     Turns: 947, Time: 00:00:24

Health: 0/25       AC:  3    Str: 10    XL:     4   Next: 14%
Magic:  6/6        EV: 12    Int: 14    God:
Gold:   53         SH:  0    Dex: 18    Spells: 3/3 levels left

rFire   . . .        Y - +0 shortbow
rCold   + . .        (shield currently unavailable)
rNeg    . . .        c - +0 leather armour
rPois   .            (no helmet)
rElec   .            (no cloak)
rCorr   .            (no gloves)
SInv    .            (no boots)
Will    .....        (no amulet)
Stlth   ++           g - ring of protection from cold
HPRegen 0.24/turn    (no ring)
MPRegen 0.10/turn

%: no passive effects
@: no status effects
A: no striking features
a: no special abilities


You were on level 2 of the Dungeon.
You visited 1 branch of the dungeon, and saw 2 of its levels.

You collected 53 gold pieces.


   Skills:
 - Level 1.5 Fighting
 + Level 7.5 Ranged Weapons
 - Level 2.4 Dodging
 - Level 1.2 Stealth


You had 3 spell levels left.
You didn't know any spells.
Your spell library was empty.

Inventory:

Hand Weapons
 Y - a +0 shortbow (weapon)
Armour
 c - a +0 leather armour (worn)
Jewellery
 g - a ring of protection from cold (left hand)
Scrolls
 a - a scroll of teleportation
 f - 3 scrolls of identify
Potions
 b - a potion of degeneration {unknown}
 d - a potion of haste {unknown}

Dungeon Overview and Level Annotations

Branches:
Dungeon (2/15)

Altars:

Annotations:
D:2 Robin


Message History

The goblin is severely wounded.
The goblin misses you. The goblin closely misses you.
Robin throws the goblin at you!
You shoot an arrow. The arrow hits the goblin.
You kill the goblin!
The goblin closely misses you.
A hobgoblin comes into view.
You shoot an arrow. The hobgoblin shouts!
The arrow hits the goblin!
You kill the goblin!
You hear a shout!
Robin says, "My army is invincible!"
The goblin barely misses you. The goblin misses you.
An adder comes into view.
You shoot an arrow. The adder hisses angrily.
The arrow hits the goblin!
You kill the goblin!
An endoplasm comes into view.
A hobgoblin comes into view.
The goblin closely misses you.
You shoot an arrow. The endoplasm quivers.
The arrow hits the goblin.
The goblin is moderately wounded.
The goblin hits you but does no damage. x2
You shoot an arrow. The arrow barely misses the goblin.
The goblin hits you but does no damage. The goblin barely misses you.
945 ||| Stepping ~*~*~tactically~*~*~ (outnumbered).
The goblin closely misses you. The goblin hits you with a +0 club.
Enter note:
Enter note: You shoot an arrow.
The arrow closely misses the goblin.
The goblin hits you but does no damage. The goblin barely misses you.
The goblin hits you with a +0 club.
You shoot an arrow. The arrow barely misses the goblin.
The goblin hits you with a +0 dagger. The goblin hits you with a +0 club.
The goblin misses you. The goblin barely misses you.
The goblin hits you but does no damage. The goblin hits you with a +0 dagger.
You die...

...# ########### .# ...#
#.........# #.##
...#####.........####....
.........................
#....###......)...%......
#....# ####............?.
#....# #######........
#....############g)......
#%............[.@gg......
.....############gK......
.....# ##gg##### #.)..#
#.# .....# S# ...### .J
...# ... ...# .# ...#


You could see an adder, an endoplasm, a hobgoblin (strong), 5 goblins and a
kobold.

Vanquished Creatures
  Jessica (D:2)
  2 dart slugs
  7 endoplasms (D:1)
  5 giant cockroaches (D:1)
  12 goblins
  2 hobgoblins (D:1)
  A quokka (D:1)
  5 ball pythons (D:1)
  2 bats
  A frilled lizard (D:2)
  A kobold (D:2)
  2 rats
41 creatures vanquished.

Notes
Turn   | Place    | Note
-------+----------+-------------------------------------------
     0 | D:1      | qw the Deep Elf Hunter began the quest for the Orb.
     0 | D:1      | Reached XP level 1. HP: 12/12 MP: 3/3
     0 | D:1      | 0 ||| qw: Version: 0.3-a-9-g12657ce
     0 | D:1      | 0 ||| qw: Game counter: 3353
     0 | D:1      | 0 ||| qw: Always use a shield: true
     0 | D:1      | 0 ||| qw: God list: Okawaru
     0 | D:1      | 0 ||| qw: Allow faded altars: false
     0 | D:1      | 0 ||| qw: Do Orc after D:15 true
     0 | D:1      | 0 ||| qw: Do second Lair branch before Depths: true
     0 | D:1      | 0 ||| qw: Lair rune preference: random
     0 | D:1      | 0 ||| qw: Plans: Normal
     0 | D:1      | 0 ||| PLANNING D:1-11
   241 | D:1      | Reached skill level 6 in Ranged Weapons
   241 | D:1      | Reached XP level 2. HP: 16/16 MP: 4/4
   481 | D:1      | Reached XP level 3. HP: 20/20 MP: 5/5
   684 | D:1      | 684 ||| UPGRADING to ring of protection from cold.
   685 | D:1      | 685 ||| READING 3 scrolls labelled RUUGIO YLUO.
   686 | D:1      | 686 ||| READING scroll labelled XEZUDUAFEN.
   689 | D:1      | 689 ||| READING 4 scrolls labelled QIPYACKACITT.
   690 | D:1      | 690 ||| READING scroll labelled QETIPOPLOM.
   691 | D:1      | 691 ||| READING scroll labelled AVON BEVETZIO.
   692 | D:1      | 692 ||| DROPPING 2 scrolls of fog.
   693 | D:1      | 693 ||| DROPPING scroll of butterflies.
   914 | D:2      | Noticed Jessica
   917 | D:2      | Killed Jessica
   918 | D:2      | Reached skill level 7 in Ranged Weapons
   918 | D:2      | Reached XP level 4. HP: 25/25 MP: 6/6
   934 | D:2      | Noticed Robin
   945 | D:2      | 945 ||| Stepping ~*~*~tactically~*~*~ (outnumbered).
   947 | D:2      | HP: 5/25 [goblin/+0 club[Robin] (6)]
   947 | D:2      | Slain by a goblin

Levels and vault maps discovered:
D:1:      onia_arrival_pyramid, layout_loops_ring, nicolae_hexahallways,
          minmay_distorted
D:2:      minmay_recursive_quarters, layout_basic, minmay_unequal, uniq_terence,
          uniq_jessica, uniq_robin

Skill      XL: |  1  2  3 |
---------------+----------+-----
Ranged Weapons | 6 7 |  7.5
Fighting       | |  1.5
Dodging        | |  2.4
Stealth        | |  1.2

Action                     |  1- 3 |  4- 6 || total
---------------------------+-------+-------++-------
   Fire: Shortbow          |    64 |    18 ||    82
    Use: Scroll            |     5 |       ||     5
 Armour: Leather armour    |     3 |     7 ||    10
  Dodge: Dodged            |    13 |    12 ||    25

Table legend:
 A = Non-vault XP
 B = Vault XP
 C = Vault XP percentage of total XP
 D = Non-vault monster count
 E = Vault monster count
 F = Vault count percentage of total count
                 A         B        C        D         E       F
            +---------+---------+-------+---------+---------+-------
      Total |      57 |      54 |  48.6 |      31 |      10 |  24.4
            +---------+---------+-------+---------+---------+-------
        D:1 |      47 |       7 |  13.0 |      25 |       4 |  13.8
        D:2 |      10 |      47 |  82.5 |       6 |       6 |  50.0
            +---------+---------+-------+---------+---------+-------
